 Dungeon Crawl Stone Soup version 0.18-a0-1481-g708b138 (webtiles) character file.

340 GrosslyIncandescent the Ruffian (level 6, 0/37 HPs)
             Began as a Gargoyle Monk on Mar 2, 2016.
             Slain by a giant newt (2 damage)
             ... in a sewer.
             The game lasted 00:07:37 (3922 turns).

GrosslyIncandescent the Ruffian (Gargoyle Monk)     Turns: 3922, Time: 00:07:37

Health: 0/37       AC:  7    Str: 15    XL:     6   Next: 56%
Magic:  6/6        EV: 10    Int: 10    God:
Gold:   117        SH:  0    Dex: 17    Spells: 0 memorised, 5 levels left

rFire  . . .     SeeInvis .       - Unarmed
rCold  . . .     Gourm    .     a - +0 robe
rNeg   + . .     Faith    .     (no shield)
rPois  ∞         Spirit   .     e - +0 helmet
rElec  +         Dismiss  .     (no cloak)
rCorr  .         Reflect  .     (no gloves)
SustAt .         Harm     .     (no boots)
MR     .....                    (no amulet)
Stlth  +.........               (no ring)
                                q - +3 ring of dexterity

@: about to teleport, constricted, not resistant to hostile enchantments, very
unstealthy
A: negative energy resistance 1, electricity resistance, unbreathing,
petrification resistance, rot immunity, AC +4
a: no special abilities


You were in a sewer.
You were not hungry.

You visited 1 branch of the dungeon, and saw 3 of its levels.
You also visited: Sewer.

You collected 117 gold pieces.


Innate Abilities, Weirdness & Mutations

You are resistant to torment.
Your stone body is resilient (AC +4).
You are immune to poison.
You resist negative energy.
You are resistant to electric shocks.
You can survive without breathing.
You are immune to petrification.
You are immune to rotting.


   Skills:
 - Level 3.2 Fighting
 - Level 2.4 Dodging
 - Level 2.1 Stealth
 + Level 7.7 Unarmed Combat


You had 5 spell levels left.
You didn't know any spells.

Inventory:

Armour
 a - a +0 robe (worn)
 e - a +0 helmet (worn)
 h - a +0 ring mail
Jewellery
 k - an uncursed amulet of dismissal {unknown}
 q - a +3 ring of dexterity (left hand)
Wands
 v - a wand of acid (0/15)
Scrolls
 c - 8 scrolls of identify {@r1}
 d - a scroll of fear {unknown}
 g - a scroll of remove curse
 n - a scroll of teleportation {@r4}
 o - 3 scrolls of fog {unknown}
 s - 2 scrolls of blinking {unknown}
Potions
 f - a potion of berserk rage {unknown}
 i - a potion of flight {unknown}
 j - a potion of ambrosia {unknown}
 l - a potion of brilliance {unknown}
 m - a potion of cancellation
 r - 2 potions of mutation {!q}
 w - a potion of heal wounds {unknown}
 z - a potion of might {unknown}
 A - 2 potions of haste {unknown}
Comestibles
 b - 2 bread rations
 p - a beef jerky
 t - 6 fruits
 u - 7 chunks of flesh

Dungeon Overview and Level Annotations

Branches:
Dungeon (3/15)

Altars:

Annotations:
D:2 Sigmund

≈≈≈▒
▒≈≈≈≈≈≈▒
≈≈≈▒
▒≈≈≈≈≈≈▒
†≈≈▒
▒≈≈≈≈≈≈▒
†.≈▒
▒≈≈≈≈≈≈▒
...▒
▒≈≈≈≈≈≈▒
..≈▒
▒≈≈≈≈≈≈▒
≈≈≈▒
▒≈≈≈≈≈≈▒
≈≈≈▒
▒≈≈≈≈S≈▒
≈≈≈▒
▒≈≈≈JS8▒
≈≈≈▒
▒≈≈≈≈lF▒
≈≈≈▒
▒≈≈≈≈≈≈▒
≈≈≈▒
▒≈≈≈≈≈≈▒
≈≈≈▒
▒≈≈≈≈≈≈▒
≈≈≈▒
▒≈≈≈≈≈≈▒
...▒
▒......▒
...▒
▒......▒
..▒▒
▒......▒


You could see a giant frog, an ooze, 2 ball pythons and a giant newt.


Message History

It was a potion of cancellation!
You feel magically purged!
The giant frog hits you but does no damage!
The ball python bites you but does no damage! * * * don't die
* * * The ball python constricts you!
The giant newt closely misses you! The ball python closely misses you!
The giant frog hits you! * * * don't die
* * * The ball python bites you but does no damage!
The ball python constricts you!
Unknown command!
Drink which item? (? for menu, Esc to quit)
Okay, then!
Read which item? (? for menu, Esc to quit)
Okay, then!
Drink which item? (? for menu, Esc to quit)
Okay, then!
Read which item? (? for menu, Esc to quit)
As you read the scroll labeled XOESAS UTRONAE, it crumbles to dust!
You feel strangely unstable!
It was a scroll of teleportation!
The giant newt barely misses you!
The giant frog hits you! * * * don't die
* * * The ball python bites you but does no damage!
The ball python barely misses you! The ball python constricts you!
Read which item? (? for menu, Esc to quit)
As you read the scroll labeled YTOOTU XYOMOM, it crumbles to dust!
You feel blessed for a moment!
It was a scroll of remove curse!
The giant frog hits you! * * * don't die
* * * The giant newt bites you! rip

Action                   |  1- 3 |  4- 6 || total
-------------------------+-------+-------++-------
Melee: Unarmed           |    69 |   298 ||   367
Evoke: Wand              |       |     3 ||     3
  Use: Scroll            |       |     4 ||     4
       Potion            |       |     2 ||     2
 Stab: Sleeping          |       |     4 ||     4
  Eat: Chunk             |     1 |     9 ||    10

Vault maps used:
D:1:      dpeg_arrival_ternary
D:2:      uniq_robin, uniq_sigmund, uniq_natasha
D:3:      grunt_temple_overflow_open, gup_sewer_entry_glass, uniq_grinder
Sewer:    sewer_minmay_w

Notes
Turn   | Place    | Note
--------------------------------------------------------------
     0 | D:1      | GrosslyIncandescent the Gargoyle Monk began the quest for the Orb.
     0 | D:1      | Reached XP level 1. HP: 14/14 MP: 1/1
   389 | D:1      | Reached XP level 2. HP: 9/19 MP: 2/2
  1085 | D:2      | Noticed Natasha
  1093 | D:2      | Killed Natasha
  1093 | D:2      | Reached skill level 5 in Unarmed Combat
  1093 | D:2      | Reached XP level 3. HP: 10/23 MP: 3/3
  1239 | D:2      | Noticed Natasha
  1242 | D:2      | Noticed Robin
  1338 | D:1      | Killed Natasha
  1338 | D:1      | Reached XP level 4. HP: 12/28 MP: 4/4
  1557 | D:1      | Killed Robin
  1902 | D:2      | Reached skill level 6 in Unarmed Combat
  2308 | D:2      | Reached XP level 5. HP: 30/32 MP: 5/5
  2578 | D:2      | Noticed Sigmund
  3147 | D:3      | Found a glowing drain.
  3247 | Sewer    | Entered a sewer
  3418 | Sewer    | Reached skill level 7 in Unarmed Combat
  3457 | Sewer    | Reached XP level 6. HP: 31/37 MP: 6/6
  3922 | Sewer    | HP: 2/37 [giant frog (4)]
  3922 | Sewer    | Slain by a giant newt

Vanquished Creatures
  A giant frog (Sewer)
  Natasha (twice) (D:2 D:1)
  Robin (D:1)
  10 adders
  2 river rats (Sewer)
  2 oozes (Sewer)
  2 worms (D:2)
  2 dart slugs
  3 bats
  4 giant cockroaches
  13 goblins
  7 hobgoblins
  2 jackals (D:2)
  13 ball pythons (Sewer)
  3 giant newts
  4 kobolds
  29 rats
100 creatures vanquished.
